 Dungeon Crawl Stone Soup version 0.27.1-33-g824d729ab1 (webtiles) character file.

Game seed: 12494832869688785395

1 Descartes the Magician (level 1, 0/11 HPs)
             Began as a Spriggan Wanderer on Dec 14, 2021.
             Frozen to death by an endoplasm (5 damage)
             ... on level 1 of the Dungeon.
             The game lasted 00:02:35 (112 turns).

Descartes the Magician (Spriggan Wanderer)           Turns: 112, Time: 00:02:35

Health: 0/11       AC:  2    Str:  7    XL:     1   Next: 16%
Magic:  5/5        EV: 16    Int: 11    God:
Gold:   5          SH:  0    Dex: 17    Spells: 4/5 levels left

rFire    . . .     SeeInvis +   a - +0 dagger
rCold    . . .     Faith    .   (shield restricted)
rNeg     . . .     Spirit   .   b - +0 robe
rPois    .         Reflect  .   (helmet restricted)
rElec    .         Harm     .   (no cloak)
rCorr    .         Rampage  .   (gloves unavailable)
Will     .....                  (boots unavailable)
Stlth    ++........             (no amulet)
HPRegen  0.03/turn              (no ring)
MPRegen  0.09/turn              (no ring)

@: very quick
A: very small, no large weapons, unfitting armour, see invisible, speed 3
a: no special abilities


You were on level 1 of the Dungeon.
You visited 1 branch of the dungeon, and saw 1 of its levels.

You collected 5 gold pieces.

Inventory:

Hand Weapons
 a - a +0 dagger (weapon)
Armour
 b - a +0 robe (worn)
Scrolls
 d - a scroll of vulnerability {unknown}
Potions
 c - a potion of lignification


   Skills:
 - Level 2.4 Fighting
 + Level 0.0 Short Blades
 - Level 1.0 Staves
 + Level 1.4 Dodging
 + Level 1.5 Stealth
 + Level 2.7 Spellcasting
 + Level 1.2 Hexes
 + Level 0.0 Earth Magic
 - Level 1.3 Evocations


You had 4 spell levels left.
You knew the following spells:

 Your Spells              Type           Power      Damage    Failure   Level
a - Sandblast             Erth           2%         2d4       26%         1

Your spell library contained the following spells:

 Spells                   Type           Power      Damage    Failure   Level
 Corona                   Hex            4%         N/A       16%         1
 Ensorcelled Hibernation  Hex/Ice        4%         N/A       32%         2
 Confusing Touch          Hex            4%         N/A       43%         3
 Tukima's Dance           Hex            4%         N/A       43%         3
 Dazzling Flash           Conj/Hex       4%         N/A       54%         3
 Stone Arrow              Conj/Erth      2%         3d7       63%         3


Dungeon Overview and Level Annotations

Branches:
Dungeon (1/15)

Altars:

Shops:
D:1 [!


Innate Abilities, Weirdness & Mutations

You are very small and have problems with some larger weapons.
You are too small for most types of armour.
You have supernaturally acute eyesight. (SInv)
You cover ground extremely quickly. (Speed+++)


Message History

You puncture the bat!
You kill the bat!
No target in view!
There is an entrance to Roogahao's Antique Armour Shop here.
You can access your shopping list by pressing '$'.
Found a stone staircase leading down.
Found a ring mail.
Found 31 sling bullets.
Found 12 gold pieces.
Found a scroll labelled IHIQUPN WEWIT.
An endoplasm comes into view.
The endoplasm quivers.
You hit the endoplasm.
The endoplasm is lightly wounded.
The endoplasm freezes you.
You are frozen.
You hit the endoplasm but do no damage.
The endoplasm is lightly wounded.
The endoplasm freezes you.
You are frozen.
You hit the endoplasm but do no damage.
The endoplasm is lightly wounded.
The endoplasm freezes you.
You are frozen.
You are too injured to fight recklessly!
You are too injured to fight recklessly!
You are too injured to fight recklessly!
You are too injured to fight recklessly!
You are too injured to fight recklessly!
You are too injured to fight recklessly!
You are too injured to fight recklessly!
You are too injured to fight recklessly!
You are too injured to fight recklessly!
You are too injured to fight recklessly!
An endoplasm is nearby!
You hit the endoplasm.
The endoplasm is heavily wounded.
The endoplasm freezes you.
You are frozen.
You die...

♣♣≈♣≈♣≈≈≈≈♣≈♣≈≈
♣≈♣≈≈♣8♣≈♣≈♣♣<
#.♣≈♣♣≈♣♣♣≈♣♣≈♣♣
#.♣♣≈♣♣≈≈≈≈ ♣≈8♣
#..♣♣≈♣♣♣♣♣♣♣≈♣♣
#..♣♣≈≈≈≈≈≈≈♣♣.
########..♣♣♣♣8♣♣♣♣..
#............♣♣♣##..#
#..J@...............#
#............##.##.##
#.........##.##.##.##
#.......(.##.##.##.##
##+#......##...[..>##
#......#.######...##
###.#..$.# ####
..?#.##.. ###.#. #^##


You could see an endoplasm.

Vanquished Creatures
  A bat (D:1)
1 creature vanquished.

Notes
Turn   | Place    | Note
-------+----------+-------------------------------------------
     0 | D:1      | Descartes the Spriggan Wanderer began the quest for the
                  | Orb.
     0 | D:1      | Descartes set off with the following items: a +0 dagger, a
                  | +0 robe, a potion of lignification; and the following
                  | spells available to memorise: Corona, Sandblast,
                  | Ensorcelled Hibernation, Confusing Touch, Tukima's Dance,
                  | Dazzling Flash, Stone Arrow
     0 | D:1      | Reached XP level 1. HP: 11/11 MP: 5/5
     2 | D:1      | Learned a level 1 spell: Sandblast
    60 | D:1      | Found Yfrax's Distillery.
    72 | D:1      | Found Roogahao's Antique Armour Shop.
   112 | D:1      | Frozen to death by an endoplasm

Illustrated notes

Levels and vault maps discovered:
D:1:      nagdon_arrival_double_spiral, layout_basic, serial_shops,
          nicolae_square_shop, shop_fountains, nicolae_shop_statue_plus, shop,
          nicolae_shop_trees

Action                   || total
-------------------------++-------
Melee: Dagger            ||     5
 Stab: Sleeping          ||     1
